Icehogs vs Comets
Created - February 10, 2024 at 00:07
Goals
|
| Icehogs |
0 |
2 |
1 |
3 |
| Comets |
0 |
0 |
1 |
1 |
|
Shots
|
| Icehogs |
15 |
18 |
6 |
39 |
| Comets |
5 |
6 |
13 |
24 |
|
1st period
No Goal
Penalties :
Guillaume Brisebois (Uti) for Slashing (Minor) at 10:00, William Lockwood (Uti) for Goalie Interference (Minor) at 13:20
2nd period
1. Icehogs , Mike Reilly 5 (Mikhail Grigorenko 35, Patrick Sieloff 11) at 0:14
2. Icehogs , Julius Honka 6 (Mikhail Grigorenko 36, Dillon Dube 25) at 12:26
Penalties :
Juuso Riikola (Uti) for Holding (Minor) at 0:36, Mackenzie MacEachern (Uti) for Roughing (Minor) at 4:31, Duncan Siemens (Roc) for Roughing (Minor) at 15:42
3rd period
3. Icehogs , Mikhail Grigorenko 30 (Hudson Fasching 32, Mike Reilly 26) at 5:36
4. Comets , Daniel Zaar 23 (Nicolas Petan 46) at 13:39
Penalties :
Juuso Riikola (Uti) for Tripping (Minor) at 1:50, Jean-Sebastien Dea (Uti) for Hooking (Minor) at 8:26, Mikhail Grigorenko (Roc) for Hooking (Minor) at 14:59
Goalie Stats
Mackenzie Blackwood (Roc), 23 saves from 24 shots - (0.958), W, 22-16-1, 60:00 minutes
Thatcher Demko (Uti), 36 saves from 39 shots - (0.923), L, 20-15-2, 60:00 minutes
Players Stats for Icehogs
Player Name G A P +/- PIM S H SB GA TA FO MP PP MP PK MP
------------------------------------------------------------------------------------
Adam Boqvist 0 0 0 -1 0 0 2 0 0 0 0/0 15:24 4:52 0:00
Andrew Poturalski 0 0 0 0 0 1 1 0 1 0 4/6 12:48 5:29 0:10
Calle Andersson 0 0 0 0 0 0 0 0 0 0 0/0 3:32 0:00 0:51
Clark Bishop 0 0 0 -1 0 3 0 1 0 0 6/8 10:46 0:00 0:15
Dillon Dube 0 1 1 3 0 1 0 1 0 0 16/30 22:30 6:13 2:00
Duncan Siemens 0 0 0 1 2 3 1 0 0 0 0/0 20:24 4:52 0:45
Hudson Fasching 0 1 1 3 0 1 2 0 1 0 0/0 20:47 6:10 0:00
J.T. Brown 0 0 0 0 0 7 0 0 0 1 0/0 16:32 5:29 0:00
Jeremy Davies 0 0 0 -1 0 0 1 2 0 0 0/0 10:08 0:00 0:10
JJ. Piccinich 0 0 0 0 0 0 0 0 0 0 0/0 0:20 0:06 0:00
Julius Honka 1 0 1 1 0 4 0 3 1 0 0/0 15:38 0:00 1:46
Kristian Reichel 0 0 0 0 0 0 0 0 0 0 0/0 0:00 0:00 0:00
Kurtis Gabriel 0 0 0 0 0 0 1 1 0 0 0/0 7:36 0:00 0:00
Maxim Letunov 0 0 0 0 0 0 0 0 0 0 0/0 0:00 0:00 0:00
Michael Rasmussen 0 0 0 0 0 0 1 0 1 1 2/5 12:58 0:00 1:21
Mike Reilly 1 1 2 2 0 4 2 1 1 0 0/0 28:09 7:02 2:12
Mikhail Grigorenko 1 2 3 3 2 7 1 0 0 0 2/2 21:48 6:16 1:01
Myles Bell 0 0 0 0 0 0 3 0 0 1 0/1 18:51 5:29 1:49
Nick Paul 0 0 0 0 0 0 3 0 1 1 0/0 9:36 0:21 1:05
Nikita Scherbak 0 0 0 -1 0 6 0 0 0 0 0/0 10:13 0:00 0:00
Patrick Russell 0 0 0 0 0 0 0 0 0 0 0/0 0:00 0:00 0:00
Patrick Sieloff 0 1 1 2 0 2 2 4 0 1 0/0 26:51 7:02 2:12
Ross Johnston 0 0 0 -1 0 0 0 0 0 0 0/0 11:09 0:09 0:15
Thomas DiPauli 0 0 0 0 0 0 0 0 0 0 0/0 0:00 0:00 0:00
Zach Whitecloud 0 0 0 0 0 0 0 0 0 0 0/0 0:00 0:00 0:00
Players Stats for Comets
Player Name G A P +/- PIM S H SB GA TA FO MP PP MP PK MP
------------------------------------------------------------------------------------
Dan Renouf 0 0 0 -1 0 1 1 1 0 0 0/0 19:16 0:40 4:22
Daniel Zaar 1 0 1 -1 0 6 0 0 0 0 0/1 16:19 2:02 0:00
Daniil Miromanov 0 0 0 0 0 0 2 0 2 0 0/0 14:23 0:00 0:31
Guillaume Brisebois 0 0 0 0 2 0 1 1 1 0 0/0 14:38 0:00 1:11
Jean-Sebastien Dea 0 0 0 -1 2 0 1 0 0 0 3/11 16:24 1:56 3:21
Juho Lammikko 0 0 0 -1 0 2 0 1 0 2 0/0 15:40 1:56 2:05
Juuso Riikola 0 0 0 -1 4 2 1 1 1 0 0/0 24:22 3:18 4:27
Lane Pederson 0 0 0 0 0 0 0 1 1 0 0/0 8:59 0:00 0:22
Mackenzie MacEachern 0 0 0 0 2 2 0 0 0 0 0/0 10:26 0:09 0:38
Michael Joly 0 0 0 0 0 1 0 1 0 0 0/0 9:45 0:00 0:00
Nicolas Petan 0 1 1 -1 0 4 1 0 0 1 18/37 22:54 2:02 6:33
Phil Di Giuseppe 0 0 0 -1 0 2 1 0 0 2 0/0 17:57 1:56 4:16
Ryan Lomberg 0 0 0 -1 0 1 2 1 0 0 0/0 22:34 1:53 6:33
Scott Harrington 0 0 0 -1 0 2 0 4 0 1 0/0 26:21 3:18 7:01
Trevor Moore 0 0 0 0 0 1 2 0 0 0 0/0 9:45 0:00 0:00
Tyler Graovac 0 0 0 0 0 0 0 0 0 0 1/3 9:04 0:00 0:00
William Lagesson 0 0 0 -1 0 0 0 0 0 0 0/0 21:10 0:40 6:16
William Lockwood 0 0 0 0 2 0 2 0 0 0 0/0 8:03 0:00 0:00
3 Stars
1 - Mikhail Grigorenko (Roc)
2 - Mike Reilly (Roc)
3 - Hudson Fasching (Roc)
Power Play
Icehogs - 0 on 6 Attempt(s) - 0.00%
Comets - 0 on 2 Attempt(s) - 0.00%
Penalty Kill
Icehogs - 2 on 2 Attempt(s) - 100.00%
- Score 0 goal in Penalty Kill
Comets - 6 on 6 Attempt(s) - 100.00%
- Score 0 goal in Penalty Kill
Team Stat
Icehogs - Hits : 20 - Faceoff Wins : 30 - Blocked Shots : 13 - Penalty Minutes : 4
Comets - Hits : 14 - Faceoff Wins : 22 - Blocked Shots : 11 - Penalty Minutes : 12
Official
Referees : Kyle Rehman and Graham Skilliter
Linesman : Kiel Murchison and Mark Shewchyk
Game Notes
No Game Note
Finance
Level 1 -- Attendance: 1836 (91.80%) -- Ticket Income $128,520
Level 2 -- Attendance: 949 (94.90%) -- Ticket Income $37,960
Total Attendance: 2785 (92.83%)
Total Ticket Income: $166,480
Other Income: $8,324
Total Income: $174,804
Icehogs
5 vs 5 Forward
Center Left Wing Right Wing Time % Phy DF OF
1 Dillon Dube Mikhail Grigorenko Hudson Fasching 40 1 2 2
2 Michael Rasmussen Myles Bell J.T. Brown 30 1 2 2
3 Andrew Poturalski Nick Paul Kurtis Gabriel 20 1 2 2
4 Clark Bishop Ross Johnston Nikita Scherbak 10 1 2 2
5 vs 5 Defense
Defense Defense Time % Phy DF OF
1 Mike Reilly Patrick Sieloff 40 1 2 2
2 Julius Honka Duncan Siemens 30 1 2 2
3 Adam Boqvist Jeremy Davies 20 1 2 2
4 Calle Andersson Mike Reilly 10 1 2 2
PowerPlay Forward
Center Left Wing Right Wing Time % Phy DF OF
1 Dillon Dube Mikhail Grigorenko Hudson Fasching 60 1 2 2
2 Andrew Poturalski Myles Bell J.T. Brown 40 1 2 2
PowerPlay Defense
Defense Defense Time % Phy DF OF
1 Mike Reilly Patrick Sieloff 60 1 2 2
2 Adam Boqvist Duncan Siemens 40 1 2 2
Penalty Kill 4 Players Forward
Center Wing Time % Phy DF OF
1 Dillon Dube Mikhail Grigorenko 60 1 2 2
2 Andrew Poturalski Myles Bell 40 1 2 2
Penalty Kill 4 Players Defense
Defense Defense Time % Phy DF OF
1 Mike Reilly Patrick Sieloff 60 1 2 2
2 Julius Honka Duncan Siemens 40 1 2 2
Penalty Kill - 3 Players Forward
Forward Time % Phy DF OF
1 Dillon Dube 60 1 2 2
2 Andrew Poturalski 40 1 2 2
Penalty Kill - 3 Players Defense
Defense Defense Time % Phy DF OF
1 Mike Reilly Patrick Sieloff 60 1 2 2
2 Julius Honka Duncan Siemens 40 1 2 2
4 vs 4 Forward
Center Wing Time % Phy DF OF
1 Dillon Dube Mikhail Grigorenko 60 1 2 2
2 Andrew Poturalski Myles Bell 40 1 2 2
4 vs 4 Defense
Defense Defense Time % Phy DF OF
1 Mike Reilly Patrick Sieloff 60 1 2 2
2 Julius Honka Duncan Siemens 40 1 2 2
Last Minutes Offensive
Center Left Wing Right Wing Defense Defense
Dillon Dube Mikhail Grigorenko Hudson Fasching Mike Reilly Patrick Sieloff
Last Minutes Defensive
Center Left Wing Right Wing Defense Defense
Dillon Dube Mikhail Grigorenko Hudson Fasching Mike Reilly Patrick Sieloff
Goaltenders
Starting : Mackenzie Blackwood
Backup : Oscar Dansk
Extra Forwards
Normal : Myles Bell, Nick Paul, Dillon Dube - PP : Myles Bell, Nick Paul - PK : Myles Bell
Extra Defensemen
Normal : Calle Andersson, Jeremy Davies, Adam Boqvist - PP : Calle Andersson - PK : Calle Andersson, Jeremy Davies
Penalty Shots
Hudson Fasching, J.T. Brown, Mikhail Grigorenko, Kurtis Gabriel, Myles Bell
Custom OT Lines Forwards
Hudson Fasching, J.T. Brown, Mikhail Grigorenko, Kurtis Gabriel, Myles Bell, Nick Paul, Dillon Dube, Nikita Scherbak, Andrew Poturalski, Michael Rasmussen
Custom OT Lines Defensemen
Mike Reilly, Patrick Sieloff, Julius Honka, Duncan Siemens, Calle Andersson
Scratches
Declan Chisholm (Healthy), Jackson Cates (Healthy), Mitchell Chaffee (Healthy), Gabriel Fortier (Healthy), Petr Kvaca (Healthy)
Comets
5 vs 5 Forward
Center Left Wing Right Wing Time % Phy DF OF
1 Nicolas Petan Ryan Lomberg Daniel Zaar 53 1 2 2
2 Jean-Sebastien Dea Phil Di Giuseppe Juho Lammikko 30 1 2 2
3 Tyler Graovac Trevor Moore Michael Joly 12 1 2 2
4 Lane Pederson Mackenzie MacEachern William Lockwood 5 1 2 2
5 vs 5 Defense
Defense Defense Time % Phy DF OF
1 Scott Harrington Juuso Riikola 40 1 2 2
2 Dan Renouf William Lagesson 30 1 2 2
3 Guillaume Brisebois Daniil Miromanov 20 1 2 2
4 Scott Harrington Juuso Riikola 10 1 2 2
PowerPlay Forward
Center Left Wing Right Wing Time % Phy DF OF
1 Nicolas Petan Ryan Lomberg Daniel Zaar 60 1 2 2
2 Jean-Sebastien Dea Phil Di Giuseppe Juho Lammikko 40 1 2 2
PowerPlay Defense
Defense Defense Time % Phy DF OF
1 Scott Harrington Juuso Riikola 60 1 2 2
2 Dan Renouf William Lagesson 40 1 2 2
Penalty Kill 4 Players Forward
Center Wing Time % Phy DF OF
1 Nicolas Petan Ryan Lomberg 60 1 2 2
2 Jean-Sebastien Dea Phil Di Giuseppe 40 1 2 2
Penalty Kill 4 Players Defense
Defense Defense Time % Phy DF OF
1 Scott Harrington Juuso Riikola 60 1 2 2
2 Dan Renouf William Lagesson 40 1 2 2
Penalty Kill - 3 Players Forward
Forward Time % Phy DF OF
1 Nicolas Petan 60 1 2 2
2 Jean-Sebastien Dea 40 1 2 2
Penalty Kill - 3 Players Defense
Defense Defense Time % Phy DF OF
1 Scott Harrington Juuso Riikola 60 1 2 2
2 Dan Renouf William Lagesson 40 1 2 2
4 vs 4 Forward
Center Wing Time % Phy DF OF
1 Nicolas Petan Ryan Lomberg 60 1 2 2
2 Jean-Sebastien Dea Phil Di Giuseppe 40 1 2 2
4 vs 4 Defense
Defense Defense Time % Phy DF OF
1 Scott Harrington Juuso Riikola 60 1 2 2
2 Dan Renouf William Lagesson 40 1 2 2
Last Minutes Offensive
Center Left Wing Right Wing Defense Defense
Nicolas Petan Ryan Lomberg Daniel Zaar Scott Harrington Juuso Riikola
Last Minutes Defensive
Center Left Wing Right Wing Defense Defense
Nicolas Petan Ryan Lomberg Daniel Zaar Scott Harrington Juuso Riikola
Goaltenders
Starting : Thatcher Demko
Backup : Casey DeSmith
Extra Forwards
Normal : Juho Lammikko, Phil Di Giuseppe, Trevor Moore - PP : Juho Lammikko, Phil Di Giuseppe - PK : Juho Lammikko
Extra Defensemen
Normal : William Lagesson, Guillaume Brisebois, Daniil Miromanov - PP : William Lagesson - PK : William Lagesson, Guillaume Brisebois
Penalty Shots
Daniel Zaar, Ryan Lomberg, Nicolas Petan, Jean-Sebastien Dea, Juho Lammikko
Custom OT Lines Forwards
Daniel Zaar, Ryan Lomberg, Nicolas Petan, Jean-Sebastien Dea, Juho Lammikko, Phil Di Giuseppe, Trevor Moore, Mackenzie MacEachern, Michael Joly, Tyler Graovac
Custom OT Lines Defensemen
Scott Harrington, Juuso Riikola, Dan Renouf, William Lagesson, Guillaume Brisebois
Scratches
Adam Ollas-Mattsson (Right Hip Injury), Anton Zlobin (Healthy), Charles Hudon (Healthy), Curtis Lazar (Left Leg Injury), Jaret Anderson-Dolan (Healthy)
Brandon Saigeon (Healthy), Jay O'Brien (Healthy), Jack Rathbone (Healthy), Michael Kesselring (Healthy), Rasmus Asplund (Healthy)
Marek Langhamer (Healthy), Michael Dipietro (Healthy)
% Time on Ice - Icehogs
Lines # - Real PCT - Wanted PCT - Time Play
Normal Forward
1 - 35% - 40% - 15:16
2 - 25% - 30% - 11:03
3 - 17% - 20% - 7:36
4 - 23% - 10% - 10:13
Normal Defense
1 - 40% - 40% - 17:37
2 - 31% - 30% - 13:52
3 - 23% - 20% - 9:58
4 - 6% - 10% - 2:41
PP Forward
1 - 54% - 60% - 6:25
2 - 46% - 40% - 5:29
PP Defense
1 - 59% - 60% - 7:02
2 - 41% - 40% - 4:52
PK Forward
1 - 96% - 60% - 3:48
2 - 4% - 40% - 0:10
PK Defense
1 - 55% - 60% - 2:12
2 - 45% - 40% - 1:46
PK3 Forward
1 - 0% - 60%
2 - 0% - 40%
PK3 Defense
1 - 0% - 60%
2 - 0% - 40%
44 Forward
1 - 0% - 60%
2 - 0% - 40%
44 Defense
1 - 0% - 60%
2 - 0% - 40%
Last Minute Offensive - 0:00
Last Minute Defensive - 0:00
Total
Forward - 60:00
Defense - 60:00
|
% Time on Ice - Comets
Lines # - Real PCT - Wanted PCT - Time Play
Normal Forward
1 - 35% - 53% - 15:24
2 - 26% - 30% - 11:38
3 - 21% - 12% - 9:04
4 - 18% - 5% - 8:02
Normal Defense
1 - 36% - 40% - 15:58
2 - 32% - 30% - 14:14
3 - 29% - 20% - 12:59
4 - 2% - 10% - 0:57
PP Forward
1 - 51% - 60% - 2:02
2 - 49% - 40% - 1:56
PP Defense
1 - 83% - 60% - 3:18
2 - 17% - 40% - 0:40
PK Forward
1 - 66% - 60% - 7:50
2 - 34% - 40% - 4:04
PK Defense
1 - 63% - 60% - 7:32
2 - 37% - 40% - 4:22
PK3 Forward
1 - 0% - 60%
2 - 0% - 40%
PK3 Defense
1 - 0% - 60%
2 - 0% - 40%
44 Forward
1 - 0% - 60%
2 - 0% - 40%
44 Defense
1 - 0% - 60%
2 - 0% - 40%
Last Minute Offensive - 0:00
Last Minute Defensive - 0:00
Total
Forward - 60:00
Defense - 60:00
|
Play-by-Play
1st period
0:01 of 1st period - Nicolas Petan wins face-off versus Dillon Dube in neutral zone.
0:04 of 1st period - Wrist shot by Daniel Zaar.
0:04 of 1st period - Shot Misses the Net.
0:35 of 1st period - Slapshot by J.T. Brown.
0:35 of 1st period - Stopped by Thatcher Demko without a rebound.
0:36 of 1st period - Andrew Poturalski wins face-off versus Tyler Graovac in Comets zone.
0:43 of 1st period - Snap shot by Kurtis Gabriel.
0:43 of 1st period - Shot Blocked by Dan Renouf.
1:53 of 1st period - Michael Rasmussen is hit by William Lockwood and loses puck.
2:32 of 1st period - Wrist shot by Nikita Scherbak.
2:32 of 1st period - Stopped by Thatcher Demko with a rebound.
2:36 of 1st period - Snap shot by Nikita Scherbak.
2:36 of 1st period - Stopped by Thatcher Demko without a rebound.
2:37 of 1st period - Clark Bishop wins face-off versus Nicolas Petan in Comets zone.
2:44 of 1st period - Slapshot by Daniel Zaar.
2:44 of 1st period - Shot Misses the Net.
2:46 of 1st period - Wrist shot by Nicolas Petan.
2:46 of 1st period - Shot Blocked by Julius Honka.
2:48 of 1st period - Slapshot by Juuso Riikola.
2:48 of 1st period - Stopped by Mackenzie Blackwood with a rebound.
2:53 of 1st period - Icing by Julius Honka.
2:54 of 1st period - Clark Bishop wins face-off versus Jean-Sebastien Dea in Icehogs zone.
3:03 of 1st period - Snap shot by Phil Di Giuseppe.
3:03 of 1st period - Stopped by Mackenzie Blackwood with a rebound.
3:23 of 1st period - Slapshot by Nicolas Petan.
3:23 of 1st period - Shot Misses the Net.
4:26 of 1st period - Wrist shot by J.T. Brown.
4:26 of 1st period - Stopped by Thatcher Demko without a rebound.
4:27 of 1st period - Dillon Dube wins face-off versus Nicolas Petan in Comets zone.
4:30 of 1st period - Wrist shot by Mikhail Grigorenko.
4:30 of 1st period - Stopped by Thatcher Demko without a rebound.
4:31 of 1st period - Dillon Dube wins face-off versus Daniel Zaar in Comets zone.
4:41 of 1st period - Icing by Patrick Sieloff.
4:42 of 1st period - Dillon Dube wins face-off versus Nicolas Petan in Icehogs zone.
4:42 of 1st period - Dillon Dube is hit by Juuso Riikola.
5:12 of 1st period - Scott Harrington is hit by Myles Bell and loses puck.
5:27 of 1st period - Wrist shot by Trevor Moore.
5:27 of 1st period - Stopped by Mackenzie Blackwood with a rebound.
5:29 of 1st period - Slapshot by William Lagesson.
5:29 of 1st period - Shot Misses the Net.
6:15 of 1st period - Snap shot by Juho Lammikko.
6:15 of 1st period - Shot Blocked by Jeremy Davies.
6:38 of 1st period - Wrist shot by Nikita Scherbak.
6:38 of 1st period - Shot Misses the Net.
6:56 of 1st period - Snap shot by Nicolas Petan.
6:56 of 1st period - Shot Misses the Net.
6:58 of 1st period - Slapshot by Scott Harrington.
6:58 of 1st period - Shot Blocked by Jeremy Davies.
7:00 of 1st period - Slapshot by Scott Harrington.
7:00 of 1st period - Stopped by Mackenzie Blackwood without a rebound.
7:01 of 1st period - Dillon Dube wins face-off versus Nicolas Petan in Icehogs zone.
7:24 of 1st period - Wrist shot by Mackenzie MacEachern.
7:24 of 1st period - Shot Hit the Post.
8:03 of 1st period - Slapshot by J.T. Brown.
8:03 of 1st period - Shot Misses the Net.
8:05 of 1st period - Wrist shot by J.T. Brown.
8:05 of 1st period - Stopped by Thatcher Demko without a rebound.
8:06 of 1st period - Dillon Dube wins face-off versus Nicolas Petan in Comets zone.
9:03 of 1st period - Slapshot by Juuso Riikola.
9:03 of 1st period - Shot Misses the Net.
9:05 of 1st period - Slapshot by Scott Harrington.
9:05 of 1st period - Shot Blocked by Patrick Sieloff.
9:17 of 1st period - Mike Reilly is hit by Ryan Lomberg and loses puck.
9:36 of 1st period - Jean-Sebastien Dea is hit by Patrick Sieloff and loses puck.
9:43 of 1st period - Slapshot by Hudson Fasching.
9:43 of 1st period - Stopped by Thatcher Demko with a rebound.
9:57 of 1st period - Slapshot by Mike Reilly.
9:57 of 1st period - Stopped by Thatcher Demko without a rebound.
9:58 of 1st period - Nicolas Petan wins face-off versus Michael Rasmussen in Comets zone.
10:00 of 1st period - Minor Penalty to Guillaume Brisebois for Slashing.
10:01 of 1st period - Mikhail Grigorenko wins face-off versus Nicolas Petan in Comets zone.
11:24 of 1st period - Off-side.
11:25 of 1st period - Andrew Poturalski wins face-off versus Jean-Sebastien Dea in neutral zone.
11:30 of 1st period - Jean-Sebastien Dea is hit by Mike Reilly and loses puck.
12:00 of 1st period - Penalty to Guillaume Brisebois is over, Guillaume Brisebois is back on ice.
12:15 of 1st period - Icing by Juho Lammikko.
12:16 of 1st period - Clark Bishop wins face-off versus Jean-Sebastien Dea in Comets zone.
12:19 of 1st period - Slapshot by Nikita Scherbak.
12:19 of 1st period - Shot Misses the Net.
12:21 of 1st period - Slapshot by Clark Bishop.
12:21 of 1st period - Stopped by Thatcher Demko with a rebound.
13:09 of 1st period - Wrist shot by Nikita Scherbak.
13:09 of 1st period - Stopped by Thatcher Demko with a rebound.
13:11 of 1st period - Slapshot by Julius Honka.
13:11 of 1st period - Stopped by Thatcher Demko with a rebound.
13:13 of 1st period - Slapshot by Julius Honka.
13:13 of 1st period - Deflect By William Lagesson.
13:13 of 1st period - Stopped by Thatcher Demko with a rebound.
13:20 of 1st period - Minor Penalty to William Lockwood for Goalie Interference.
13:21 of 1st period - Dillon Dube wins face-off versus Nicolas Petan in Comets zone.
13:27 of 1st period - Slapshot by Mikhail Grigorenko.
13:27 of 1st period - Stopped by Thatcher Demko with a rebound.
13:29 of 1st period - Wrist shot by Hudson Fasching.
13:29 of 1st period - Shot Misses the Net.
13:31 of 1st period - Slapshot by Patrick Sieloff.
13:31 of 1st period - Stopped by Thatcher Demko with a rebound.
15:02 of 1st period - William Lagesson is hit by Andrew Poturalski and loses puck.
15:20 of 1st period - Penalty to William Lockwood is over, William Lockwood is back on ice.
16:04 of 1st period - Snap shot by Phil Di Giuseppe.
16:04 of 1st period - Shot Misses the Net.
17:17 of 1st period - Snap shot by Phil Di Giuseppe.
17:17 of 1st period - Stopped by Mackenzie Blackwood with a rebound.
18:27 of 1st period - Patrick Sieloff is hit by Phil Di Giuseppe and loses puck.
19:02 of 1st period - Hudson Fasching is hit by Daniil Miromanov and loses puck.
19:17 of 1st period - Guillaume Brisebois is hit by Duncan Siemens and loses puck.
19:24 of 1st period - Snap shot by Adam Boqvist.
19:24 of 1st period - Shot Misses the Net.
19:26 of 1st period - Slapshot by Nikita Scherbak.
19:26 of 1st period - Stopped by Thatcher Demko with a rebound.
Goals for this period are 0 for Icehogs vs 0 for Comets.
Shots for this period are 15 for Icehogs vs 5 for Comets.
2nd period
0:01 of 2nd period - Nicolas Petan wins face-off versus Dillon Dube in neutral zone.
0:14 of 2nd period - Slapshot by Mike Reilly.
0:14 of 2nd period - Goal by Mike Reilly - Icehogs : 1 - Comets : 0.
0:15 of 2nd period - Nicolas Petan wins face-off versus Dillon Dube in neutral zone.
0:20 of 2nd period - Wrist shot by Daniel Zaar.
0:20 of 2nd period - Shot Misses the Net.
0:36 of 2nd period - Minor Penalty to Juuso Riikola for Holding.
0:37 of 2nd period - Dillon Dube wins face-off versus Nicolas Petan in Comets zone.
0:38 of 2nd period - Snap shot by Mikhail Grigorenko.
0:38 of 2nd period - Shot Misses the Net.
0:40 of 2nd period - Slapshot by Mike Reilly.
0:40 of 2nd period - Shot Hit the Post.
0:42 of 2nd period - Wrist shot by Hudson Fasching.
0:42 of 2nd period - Deflect By Mikhail Grigorenko.
0:42 of 2nd period - Shot Misses the Net.
0:42 of 2nd period - Puck is out of play.
0:43 of 2nd period - Nicolas Petan wins face-off versus Dillon Dube in Comets zone.
0:58 of 2nd period - Slapshot by Mikhail Grigorenko.
0:58 of 2nd period - Stopped by Thatcher Demko without a rebound.
0:59 of 2nd period - Mikhail Grigorenko wins face-off versus Nicolas Petan in Comets zone.
2:36 of 2nd period - Penalty to Juuso Riikola is over, Juuso Riikola is back on ice.
2:44 of 2nd period - Nikita Scherbak is hit by Trevor Moore and loses puck.
2:55 of 2nd period - Slapshot by Michael Joly.
2:55 of 2nd period - Stopped by Mackenzie Blackwood without a rebound.
2:56 of 2nd period - Andrew Poturalski wins face-off versus Jean-Sebastien Dea in Icehogs zone.
3:59 of 2nd period - Slapshot by William Lockwood.
3:59 of 2nd period - Shot Misses the Net.
4:07 of 2nd period - Dan Renouf is hit by Mikhail Grigorenko and loses puck.
4:16 of 2nd period - Wrist shot by Mikhail Grigorenko.
4:16 of 2nd period - Deflect By Dillon Dube.
4:16 of 2nd period - Stopped by Thatcher Demko with a rebound.
4:18 of 2nd period - Wrist shot by Hudson Fasching.
4:18 of 2nd period - Shot Blocked by Lane Pederson.
4:20 of 2nd period - Slapshot by Dillon Dube.
4:20 of 2nd period - Shot Misses the Net.
4:31 of 2nd period - Minor Penalty to Mackenzie MacEachern for Roughing.
4:32 of 2nd period - Andrew Poturalski wins face-off versus Nicolas Petan in Comets zone.
4:36 of 2nd period - Snap shot by Andrew Poturalski.
4:36 of 2nd period - Stopped by Thatcher Demko without a rebound.
4:37 of 2nd period - Nicolas Petan wins face-off versus Andrew Poturalski in Comets zone.
6:31 of 2nd period - Penalty to Mackenzie MacEachern is over, Mackenzie MacEachern is back on ice.
6:40 of 2nd period - Slapshot by Nikita Scherbak.
6:40 of 2nd period - Shot Misses the Net.
6:42 of 2nd period - Snap shot by Clark Bishop.
6:42 of 2nd period - Shot Misses the Net.
6:44 of 2nd period - Snap shot by Duncan Siemens.
6:44 of 2nd period - Stopped by Thatcher Demko with a rebound.
6:56 of 2nd period - Juho Lammikko is hit by Kurtis Gabriel and loses puck.
7:04 of 2nd period - Off-side.
7:05 of 2nd period - Clark Bishop wins face-off versus Nicolas Petan in neutral zone.
7:08 of 2nd period - Slapshot by Patrick Sieloff.
7:08 of 2nd period - Shot Blocked by Guillaume Brisebois.
7:10 of 2nd period - Wrist shot by Clark Bishop.
7:10 of 2nd period - Stopped by Thatcher Demko with a rebound.
7:12 of 2nd period - Slapshot by Patrick Sieloff.
7:12 of 2nd period - Shot Misses the Net.
7:14 of 2nd period - Wrist shot by Clark Bishop.
7:14 of 2nd period - Stopped by Thatcher Demko with a rebound.
7:20 of 2nd period - Snap shot by Nikita Scherbak.
7:20 of 2nd period - Stopped by Thatcher Demko with a rebound.
7:57 of 2nd period - Wrist shot by Mackenzie MacEachern.
7:57 of 2nd period - Stopped by Mackenzie Blackwood with a rebound.
8:14 of 2nd period - Wrist shot by Andrew Poturalski.
8:14 of 2nd period - Deflect By Nick Paul.
8:14 of 2nd period - Shot Blocked by Scott Harrington.
8:14 of 2nd period - Puck is out of play.
8:15 of 2nd period - Dillon Dube wins face-off versus Tyler Graovac in Comets zone.
8:20 of 2nd period - Snap shot by Mikhail Grigorenko.
8:20 of 2nd period - Stopped by Thatcher Demko without a rebound.
8:21 of 2nd period - Dillon Dube wins face-off versus Nicolas Petan in Comets zone.
8:24 of 2nd period - Slapshot by Mikhail Grigorenko.
8:24 of 2nd period - Shot Misses the Net.
8:36 of 2nd period - Slapshot by Hudson Fasching.
8:36 of 2nd period - Shot Blocked by Ryan Lomberg.
9:12 of 2nd period - Snap shot by Jean-Sebastien Dea.
9:12 of 2nd period - Shot Blocked by Kurtis Gabriel.
9:14 of 2nd period - Wrist shot by Trevor Moore.
9:14 of 2nd period - Shot Misses the Net.
9:32 of 2nd period - Juuso Riikola is hit by Hudson Fasching and loses puck.
10:16 of 2nd period - Wrist shot by Juho Lammikko.
10:16 of 2nd period - Stopped by Mackenzie Blackwood without a rebound.
10:17 of 2nd period - Dillon Dube wins face-off versus Jean-Sebastien Dea in Icehogs zone.
10:33 of 2nd period - Wrist shot by Hudson Fasching.
10:33 of 2nd period - Shot Misses the Net.
10:43 of 2nd period - J.T. Brown is hit by Ryan Lomberg.
11:49 of 2nd period - Wrist shot by Nikita Scherbak.
11:49 of 2nd period - Stopped by Thatcher Demko with a rebound.
11:51 of 2nd period - Slapshot by Mike Reilly.
11:51 of 2nd period - Shot Misses the Net.
12:12 of 2nd period - Icing by Julius Honka.
12:13 of 2nd period - Nicolas Petan wins face-off versus Myles Bell in Icehogs zone.
12:20 of 2nd period - Wrist shot by J.T. Brown.
12:20 of 2nd period - Stopped by Thatcher Demko with a rebound.
12:22 of 2nd period - Slapshot by Julius Honka.
12:22 of 2nd period - Stopped by Thatcher Demko without a rebound.
12:23 of 2nd period - Dillon Dube wins face-off versus Nicolas Petan in Comets zone.
12:24 of 2nd period - Wrist shot by Mikhail Grigorenko.
12:24 of 2nd period - Stopped by Thatcher Demko with a rebound.
12:26 of 2nd period - Slapshot by Julius Honka.
12:26 of 2nd period - Goal by Julius Honka - Icehogs : 2 - Comets : 0.
12:27 of 2nd period - Nicolas Petan wins face-off versus Dillon Dube in neutral zone.
12:32 of 2nd period - Mikhail Grigorenko is hit by Nicolas Petan and loses puck.
12:37 of 2nd period - Slapshot by Daniel Zaar.
12:37 of 2nd period - Stopped by Mackenzie Blackwood without a rebound.
12:38 of 2nd period - Dillon Dube wins face-off versus Nicolas Petan in Icehogs zone.
13:09 of 2nd period - Off-side.
13:10 of 2nd period - Dillon Dube wins face-off versus Nicolas Petan in neutral zone.
14:01 of 2nd period - Kurtis Gabriel is hit by Trevor Moore and loses puck.
14:24 of 2nd period - Wrist shot by Daniel Zaar.
14:24 of 2nd period - Stopped by Mackenzie Blackwood with a rebound.
15:03 of 2nd period - Juho Lammikko is hit by Myles Bell and loses puck.
15:18 of 2nd period - William Lagesson is hit by Nick Paul and loses puck.
15:42 of 2nd period - Minor Penalty to Duncan Siemens for Roughing.
15:43 of 2nd period - Dillon Dube wins face-off versus Nicolas Petan in Icehogs zone.
15:51 of 2nd period - Slapshot by Patrick Sieloff.
15:51 of 2nd period - Shot Blocked by Scott Harrington.
15:53 of 2nd period - Wrist shot by Dillon Dube.
15:53 of 2nd period - Shot Misses the Net.
15:55 of 2nd period - Slapshot by Patrick Sieloff.
15:55 of 2nd period - Stopped by Thatcher Demko with a rebound.
15:57 of 2nd period - Slapshot by Mike Reilly.
15:57 of 2nd period - Stopped by Thatcher Demko with a rebound.
15:59 of 2nd period - Slapshot by Mike Reilly.
15:59 of 2nd period - Shot Blocked by Scott Harrington.
16:18 of 2nd period - Slapshot by Juuso Riikola.
16:18 of 2nd period - Shot Blocked by Julius Honka.
17:42 of 2nd period - Penalty to Duncan Siemens is over, Duncan Siemens is back on ice.
18:00 of 2nd period - Snap shot by Nick Paul.
18:00 of 2nd period - Shot Blocked by Michael Joly.
19:04 of 2nd period - Slapshot by Duncan Siemens.
19:04 of 2nd period - Stopped by Thatcher Demko without a rebound.
19:05 of 2nd period - Tyler Graovac wins face-off versus Clark Bishop in Comets zone.
19:10 of 2nd period - Slapshot by Dan Renouf.
19:10 of 2nd period - Stopped by Mackenzie Blackwood with a rebound.
19:13 of 2nd period - Icing by Duncan Siemens.
19:14 of 2nd period - Nicolas Petan wins face-off versus Clark Bishop in Icehogs zone.
19:25 of 2nd period - Snap shot by Duncan Siemens.
19:25 of 2nd period - Stopped by Thatcher Demko without a rebound.
19:26 of 2nd period - Nicolas Petan wins face-off versus Dillon Dube in Comets zone.
19:26 of 2nd period - Nicolas Petan is hit by Hudson Fasching.
19:52 of 2nd period - Dillon Dube is hit by Dan Renouf and loses puck.
19:57 of 2nd period - Snap shot by Juho Lammikko.
19:57 of 2nd period - Deflect By Jean-Sebastien Dea.
19:57 of 2nd period - Shot Blocked by Patrick Sieloff.
19:57 of 2nd period - Puck is out of play.
19:58 of 2nd period - Michael Rasmussen wins face-off versus Jean-Sebastien Dea in Icehogs zone.
19:58 of 2nd period - Michael Rasmussen is hit by Jean-Sebastien Dea.
Goals for this period are 2 for Icehogs vs 0 for Comets.
Shots for this period are 18 for Icehogs vs 6 for Comets.
3rd period
0:01 of 3rd period - Nicolas Petan wins face-off versus Dillon Dube in neutral zone.
0:10 of 3rd period - Wrist shot by Daniel Zaar.
0:10 of 3rd period - Stopped by Mackenzie Blackwood with a rebound.
0:12 of 3rd period - Wrist shot by Ryan Lomberg.
0:12 of 3rd period - Shot Blocked by Patrick Sieloff.
0:14 of 3rd period - Slapshot by Nicolas Petan.
0:14 of 3rd period - Stopped by Mackenzie Blackwood with a rebound.
0:16 of 3rd period - Wrist shot by Juuso Riikola.
0:16 of 3rd period - Stopped by Mackenzie Blackwood without a rebound.
0:17 of 3rd period - Michael Rasmussen wins face-off versus Jean-Sebastien Dea in Icehogs zone.
0:24 of 3rd period - Wrist shot by J.T. Brown.
0:24 of 3rd period - Stopped by Thatcher Demko with a rebound.
0:26 of 3rd period - Snap shot by Myles Bell.
0:26 of 3rd period - Shot Blocked by Scott Harrington.
0:28 of 3rd period - Wrist shot by J.T. Brown.
0:28 of 3rd period - Shot Blocked by Juuso Riikola.
0:32 of 3rd period - Wrist shot by J.T. Brown.
0:32 of 3rd period - Stopped by Thatcher Demko without a rebound.
0:33 of 3rd period - Nicolas Petan wins face-off versus Dillon Dube in Comets zone.
0:33 of 3rd period - Nicolas Petan is hit by Patrick Sieloff.
1:07 of 3rd period - Slapshot by J.T. Brown.
1:07 of 3rd period - Deflect By Myles Bell.
1:07 of 3rd period - Shot Blocked by Juho Lammikko.
1:07 of 3rd period - Puck is out of play.
1:08 of 3rd period - Jean-Sebastien Dea wins face-off versus Michael Rasmussen in Comets zone.
1:18 of 3rd period - Off-side.
1:19 of 3rd period - Nicolas Petan wins face-off versus Dillon Dube in neutral zone.
1:43 of 3rd period - Icing by Scott Harrington.
1:44 of 3rd period - Jean-Sebastien Dea wins face-off versus Michael Rasmussen in Comets zone.
1:50 of 3rd period - Minor Penalty to Juuso Riikola for Tripping.
1:51 of 3rd period - Nicolas Petan wins face-off versus Dillon Dube in Comets zone.
2:40 of 3rd period - Guillaume Brisebois is hit by Adam Boqvist.
3:07 of 3rd period - Icing by Adam Boqvist.
3:08 of 3rd period - Jean-Sebastien Dea wins face-off versus Andrew Poturalski in Icehogs zone.
3:50 of 3rd period - Penalty to Juuso Riikola is over, Juuso Riikola is back on ice.
4:15 of 3rd period - Clark Bishop is hit by Guillaume Brisebois.
4:16 of 3rd period - Icing by Clark Bishop.
4:17 of 3rd period - Clark Bishop wins face-off versus Jean-Sebastien Dea in Icehogs zone.
4:44 of 3rd period - Wrist shot by J.T. Brown.
4:44 of 3rd period - Stopped by Thatcher Demko with a rebound.
4:55 of 3rd period - William Lagesson is hit by Myles Bell and loses puck.
5:08 of 3rd period - Slapshot by Mackenzie MacEachern.
5:08 of 3rd period - Stopped by Mackenzie Blackwood with a rebound.
5:10 of 3rd period - Snap shot by Lane Pederson.
5:10 of 3rd period - Shot Misses the Net.
5:36 of 3rd period - Wrist shot by Hudson Fasching.
5:36 of 3rd period - Deflect By Mikhail Grigorenko.
5:36 of 3rd period - Goal by Mikhail Grigorenko - Icehogs : 3 - Comets : 0.
5:37 of 3rd period - Dillon Dube wins face-off versus Nicolas Petan in neutral zone.
5:42 of 3rd period - Wrist shot by Mikhail Grigorenko.
5:42 of 3rd period - Shot Misses the Net.
6:04 of 3rd period - Juho Lammikko is hit by Nick Paul and loses puck.
6:43 of 3rd period - Slapshot by Daniil Miromanov.
6:43 of 3rd period - Shot Blocked by Dillon Dube.
7:40 of 3rd period - Myles Bell is hit by Daniil Miromanov and loses puck.
7:47 of 3rd period - Backhand shot by Nicolas Petan.
7:47 of 3rd period - Stopped by Mackenzie Blackwood without a rebound.
7:48 of 3rd period - Dillon Dube wins face-off versus Nicolas Petan in Icehogs zone.
8:14 of 3rd period - Jean-Sebastien Dea is hit by Michael Rasmussen and loses puck.
8:26 of 3rd period - Minor Penalty to Jean-Sebastien Dea for Hooking.
8:27 of 3rd period - Nicolas Petan wins face-off versus Dillon Dube in Comets zone.
10:26 of 3rd period - Penalty to Jean-Sebastien Dea is over, Jean-Sebastien Dea is back on ice.
10:31 of 3rd period - Scott Harrington is hit by Nick Paul and loses puck.
10:55 of 3rd period - Michael Joly is hit by Adam Boqvist and loses puck.
12:47 of 3rd period - Snap shot by Scott Harrington.
12:47 of 3rd period - Shot Blocked by Mike Reilly.
12:49 of 3rd period - Wrist shot by Michael Joly.
12:49 of 3rd period - Shot Misses the Net.
12:51 of 3rd period - Slapshot by Juuso Riikola.
12:51 of 3rd period - Shot Blocked by Patrick Sieloff.
13:03 of 3rd period - J.T. Brown is hit by William Lockwood.
13:25 of 3rd period - Snap shot by Hudson Fasching.
13:25 of 3rd period - Shot Misses the Net.
13:39 of 3rd period - Wrist shot by Daniel Zaar.
13:39 of 3rd period - Goal by Daniel Zaar - Icehogs : 3 - Comets : 1.
13:40 of 3rd period - Nicolas Petan wins face-off versus Dillon Dube in neutral zone.
13:47 of 3rd period - Slapshot by William Lagesson.
13:47 of 3rd period - Deflect By Ryan Lomberg.
13:47 of 3rd period - Stopped by Mackenzie Blackwood with a rebound.
13:55 of 3rd period - Snap shot by Daniel Zaar.
13:55 of 3rd period - Stopped by Mackenzie Blackwood with a rebound.
14:59 of 3rd period - Minor Penalty to Mikhail Grigorenko for Hooking.
15:00 of 3rd period - Nicolas Petan wins face-off versus Dillon Dube in Icehogs zone.
15:10 of 3rd period - Slapshot by Mike Reilly.
15:10 of 3rd period - Stopped by Thatcher Demko without a rebound.
15:11 of 3rd period - Nicolas Petan wins face-off versus Dillon Dube in Comets zone.
16:22 of 3rd period - Slapshot by Phil Di Giuseppe.
16:22 of 3rd period - Deflect By Juho Lammikko.
16:22 of 3rd period - Stopped by Mackenzie Blackwood with a rebound.
16:24 of 3rd period - Wrist shot by Scott Harrington.
16:24 of 3rd period - Stopped by Mackenzie Blackwood with a rebound.
16:26 of 3rd period - Snap shot by Juho Lammikko.
16:26 of 3rd period - Shot Blocked by Julius Honka.
16:50 of 3rd period - Snap shot by Nicolas Petan.
16:50 of 3rd period - Shot Blocked by Clark Bishop.
16:52 of 3rd period - Snap shot by Daniel Zaar.
16:52 of 3rd period - Stopped by Mackenzie Blackwood without a rebound.
16:53 of 3rd period - Clark Bishop wins face-off versus Nicolas Petan in Icehogs zone.
16:59 of 3rd period - Penalty to Mikhail Grigorenko is over, Mikhail Grigorenko is back on ice.
17:02 of 3rd period - Wrist shot by Mikhail Grigorenko.
17:02 of 3rd period - Stopped by Thatcher Demko with a rebound.
18:04 of 3rd period - Snap shot by Mackenzie MacEachern.
18:04 of 3rd period - Shot Misses the Net.
18:40 of 3rd period - Phil Di Giuseppe is hit by Jeremy Davies and loses puck.
18:57 of 3rd period - Snap shot by Nicolas Petan.
18:57 of 3rd period - Stopped by Mackenzie Blackwood with a rebound.
18:59 of 3rd period - Snap shot by Ryan Lomberg.
18:59 of 3rd period - Deflect By Nicolas Petan.
18:59 of 3rd period - Stopped by Mackenzie Blackwood with a rebound.
19:09 of 3rd period - Nicolas Petan is hit by Mike Reilly and loses puck.
Goals for this period are 1 for Icehogs vs 1 for Comets.
Shots for this period are 6 for Icehogs vs 13 for Comets.